 Dungeon Crawl Stone Soup version 0.31-a0-675-g238779eb0a (webtiles) character file.

Game seed: 7041611522198088939

340 qw the Shooter (level 6, -8/40 HPs)
             Began as a Gargoyle Hunter on Sept 5, 2023.
             Mangled by an ogre
             ... wielding a +0 giant spiked club
              (24 damage)
             ... on level 5 of the Dungeon.
             The game lasted 00:01:15 (2876 turns).

qw the Shooter (Gargoyle Hunter)                    Turns: 2876, Time: 00:01:15

Health: -8/40      AC: 10    Str: 15    XL:     6   Next: 56%
Magic:  6/6        EV: 11    Int:  9    God:
Gold:   171        SH:  0    Dex: 15    Spells: 5/5 levels left

rFire   . . .        Y - +1 shortbow
rCold   . . .        (shield currently unavailable)
rNeg    + . .        j - +0 ring mail {Will+}
rPois   inf          h - +0 helmet
rElec   +            (no cloak)
rCorr   .            (no gloves)
SInv    .            (no boots)
Will    +....        (no amulet)
Stlth   +            (no ring)
HPRegen 0.26/turn    (no ring)
MPRegen 0.10/turn

%: no passive effects
@: no status effects
A: sickness immunity, AC +4, negative energy resistance 1, electricity
resistance, torment resistance 1, petrification resistance
a: no special abilities


You were on level 5 of the Dungeon.
You visited 1 branch of the dungeon, and saw 5 of its levels.

You collected 231 gold pieces.
You spent 60 gold pieces at shops.


Innate Abilities, Weirdness & Mutations

You are immune to sickness and miasma.
Your stone body is resilient. (AC +4)
You are immune to poison.
You resist negative energy. (rN+)
You are resistant to electric shocks. (rElec)
You are resistant to unholy torment.
You are immune to petrification.


   Skills:
 - Level 5.0 Fighting
 + Level 6.2 Ranged Weapons
 - Level 1.2 Armour
 - Level 1.5 Dodging
 - Level 1.1 Stealth


You had 5 spell levels left.
You didn't know any spells.
Your spell library was empty.

Inventory:

Hand Weapons
 Y - a +1 shortbow (weapon)
Armour
 h - a +0 helmet (worn)
 j - a +0 ring mail of willpower (worn)
Scrolls
 f - 3 scrolls of identify
 g - a scroll of teleportation
Potions
 a - a potion of resistance
 c - a potion of curing
 d - a potion of might
 e - 2 potions of heal wounds
 l - a potion of haste

Dungeon Overview and Level Annotations

Branches:
Dungeon (5/15)
 Temple: D:4-7

Altars:

Shops:
D:1 ?   D:2 (

Annotations:
D:3 1 runed translucent door, Crazy Yiuf


Message History

You shoot an arrow. The arrow hits the jelly!
The jelly quivers.
The jelly is heavily wounded.
You feel yourself slow down.
You shoot an arrow. The arrow hits the jelly.
The jelly is severely wounded.
You shoot an arrow. The arrow hits the jelly!
You kill the jelly!
An orc comes into view. It is wielding a +0 hand axe.
The orc shouts!
You shoot an arrow. The arrow hits the orc.
You kill the orc!
Found 6 stones.
An ogre comes into view. It is wielding a +0 giant spiked club.
The ogre shouts!
You hear a shout!
The ogre moves out of view.
Enter note:
Enter note: An ogre is nearby!
You shoot an arrow.
The arrow hits the ogre but does no damage.
You shoot an arrow. The arrow hits the ogre.
The ogre is lightly wounded.
You shoot an arrow. The arrow hits the ogre.
The ogre is moderately wounded.
You shoot an arrow. The arrow hits the ogre.
The ogre is heavily wounded.
The ogre barely misses you.
You shoot an arrow. The arrow hits the ogre.
The ogre is severely wounded.
The ogre closely misses you.
You shoot an arrow. The arrow hits the ogre.
The ogre is severely wounded.
The ogre hits you with a +0 giant spiked club!!
Ouch! That really hurt!
You shoot an arrow. The arrow hits the ogre.
The ogre is almost dead.
The ogre hits you with a +0 giant spiked club!!
Ouch! That really hurt!
You die...

#.. #.. #.. #.#
#.# ## #.# .....
########.#.#....
#.......@O......
#............#..
##.###..##..##
#.# #.......#
#.# ##.##.....
#.####.# .#...
#.##...# ....
#.##.### ....
#.##.# #.....# .


You could see an ogre.

Vanquished Creatures
  A black bear (D:4)
  A jelly (D:5)
  Ijyb (D:3)
  An iguana (D:3)
  7 adders
  5 dart slugs
  4 orcs
  5 bats
  5 endoplasms
  8 giant cockroaches
  8 goblins
  8 hobgoblins
  11 kobolds
  2 quokkas (D:1)
  6 ball pythons
  6 frilled lizards
  5 rats
84 creatures vanquished.

Notes
Turn   | Place    | Note
-------+----------+-------------------------------------------
     0 | D:1      | qw the Gargoyle Hunter began the quest for the Orb.
     0 | D:1      | Reached XP level 1. HP: 12/12 MP: 1/1
     0 | D:1      | 0 ||| qw: Version: 0.3-a-75-g829b12e
     0 | D:1      | 0 ||| qw: Game counter: 120
     0 | D:1      | 0 ||| qw: Melee chars always use a shield: true
     0 | D:1      | 0 ||| qw: God list: Okawaru
     0 | D:1      | 0 ||| qw: Allow faded altars: false
     0 | D:1      | 0 ||| qw: Do Orc after clearing Dungeon:15 true
     0 | D:1      | 0 ||| qw: Do second Lair branch before Depths: true
     0 | D:1      | 0 ||| qw: Lair rune preference: random
     0 | D:1      | 0 ||| qw: Goals: Normal
     0 | D:1      | 0 ||| PLANNING D:1-11
    57 | D:1      | Reached XP level 2. HP: 14/17 MP: 2/2
   280 | D:1      | Reached XP level 3. HP: 21/21 MP: 3/3
   292 | D:1      | Reached skill level 5 in Ranged Weapons
   323 | D:1      | Found Cekual's Magic Scroll Shoppe.
   327 | D:1      | 327 ||| SHOPLISTING scroll of brand weapon (114 gold, have
                  | 70).
   327 | D:1      | 327 ||| SHOPLISTING scroll of enchant armour (90 gold, have
                  | 70).
   327 | D:1      | 327 ||| SHOPLISTING scroll of enchant weapon (90 gold, have
                  | 70).
   327 | D:1      | 327 ||| BUYING scroll of identify (24 gold).
   327 | D:1      | Bought a scroll of identify for 24 gold pieces
   327 | D:1      | 327 ||| BUYING scroll of teleportation (36 gold).
   327 | D:1      | Bought a scroll of teleportation for 36 gold pieces
   418 | D:1      | Found a faded altar of an unknown god.
   625 | D:1      | 625 ||| DROPPING ring of magical power.
   626 | D:1      | 626 ||| READING scroll labelled TAODIXI APPYRR.
   642 | D:1      | 642 ||| DRINKING 2 black potions.
   643 | D:1      | 643 ||| READING 3 scrolls of identify.
   643 | D:1      | 643 ||| IDENTIFYING grey potion
   644 | D:1      | 644 ||| READING 2 scrolls of identify.
   644 | D:1      | 644 ||| IDENTIFYING metallic brown potion
   645 | D:1      | 645 ||| DROPPING scroll of butterflies.
   646 | D:1      | 646 ||| DROPPING potion of attraction.
   682 | D:2      | Reached skill level 3 in Fighting
   688 | D:2      | Reached XP level 4. HP: 28/28 MP: 4/4
   762 | D:2      | You fall into a shaft and drop 1 floor!
   775 | D:3      | Identified the +10 war axe of the Apocalypse {flame, Dex+2
                  | Stlth+}
   859 | D:3      | 859 ||| UPGRADING to +0 ring mail.
   869 | D:3      | 869 ||| DROPPING +0 leather armour.
   870 | D:3      | 870 ||| UPGRADING to +0 helmet.
   875 | D:3      | 875 ||| READING scroll labelled JOBY DOVEOHUHA.
   876 | D:3      | 876 ||| READING 2 scrolls of identify.
   876 | D:3      | 876 ||| IDENTIFYING viscous silvery potion
   964 | D:2      | Identified the +0 whip "Yphas" {drain, *Slow rPois rF++
                  | Str+3}
   989 | D:2      | Found Ityddir's Weapon Boutique.
  1160 | D:2      | 1160 ||| READING scroll labelled FEOFEF KUUZU.
  1211 | D:3      | Found a runed translucent door.
  1212 | D:3      | Noticed Crazy Yiuf
  1275 | D:3      | Noticed Ijyb
  1282 | D:3      | Reached skill level 1 in Armour
  1293 | D:3      | HP: 7/28 [Ijyb/puff of flame (1)]
  1294 | D:3      | 1294 ||| READING 3 scrolls of teleportation.
  1508 | D:3      | Reached XP level 5. HP: 22/32 MP: 5/5
  1702 | D:3      | Killed Ijyb
  1703 | D:3      | Reached skill level 6 in Ranged Weapons
  2111 | D:3      | 2111 ||| UPGRADING to +0 ring mail of willpower.
  2121 | D:3      | 2121 ||| DROPPING +0 ring mail.
  2122 | D:3      | 2122 ||| READING scroll labelled YSSEOZOENER.
  2123 | D:3      | 2123 ||| READING scroll labelled IDEMAV XAOMUTO.
  2124 | D:3      | 2124 ||| READING 2 scrolls of identify.
  2124 | D:3      | 2124 ||| IDENTIFYING puce potion
  2326 | D:4      | Noticed a black bear
  2334 | D:4      | HP: 7/33 [black bear (3)]
  2335 | D:4      | 2335 ||| READING 2 scrolls of teleportation.
  2336 | D:4      | 2336 ||| DRINKING 3 potions of heal wounds.
  2473 | D:4      | Killed a black bear
  2474 | D:4      | Reached XP level 6. HP: 27/40 MP: 6/6
  2762 | D:4      | 2762 ||| READING scroll labelled OHILISCH XEICS.
  2763 | D:4      | 2763 ||| READING scroll labelled ZEFRIT OSKUIB.
  2764 | D:4      | 2764 ||| DRINKING 2 blue potions.
  2765 | D:4      | 2765 ||| READING 4 scrolls of identify.
  2765 | D:4      | 2765 ||| IDENTIFYING smoky sapphire potion
  2766 | D:4      | 2766 ||| DROPPING potion of degeneration.
  2800 | D:5      | Entered Level 5 of the Dungeon
  2876 | D:5      | Mangled by an ogre

Levels and vault maps discovered:
D:1:      evilmike_arrival_fibonacci_small, layout_rooms, serial_shops,
          nicolae_shop_rolled_up, hellmonk_ecumenical_altar_crossroads,
          minmay_split_cup_small
D:2:      layout_rooms, serial_shops, shop
D:3:      layout_loops_cross, nicolae_hexahallways, uniq_crazy_yiuf_cottage,
          uniq_ijyb
D:4:      layout_basic, grunt_ministairs_4, minivault_23
D:5:      layout_basic, lemuel_coloured_pillars_altar,
          mainiacjoe_overflow_two_lobes

Skill      XL: |  1  2  3  4  5 |
---------------+----------------+-----
Ranged Weapons | 5 6 |  6.2
Fighting       | 3 5 |  5.0
Armour         | 1 |  1.2
Dodging        | |  1.5
Stealth        | |  1.1

Action                     |  1- 3 |  4- 6 || total
---------------------------+-------+-------++-------
   Fire: Shortbow          |   117 |   175 ||   292
    Use: Scroll            |     3 |    11 ||    14
         Potion            |     1 |     2 ||     3
 Armour: Leather armour    |    36 |       ||    36
         Ring mail         |       |    99 ||    99
  Dodge: Dodged            |    29 |    74 ||   103

Table legend:
 A = Non-vault XP
 B = Vault XP
 C = Vault XP percentage of total XP
 D = Non-vault monster count
 E = Vault monster count
 F = Vault count percentage of total count
                 A         B        C        D         E       F
            +---------+---------+-------+---------+---------+-------
      Total |     429 |      58 |  11.9 |      78 |       6 |   7.1
            +---------+---------+-------+---------+---------+-------
        D:1 |      66 |       6 |   8.3 |      35 |       3 |   7.9
        D:2 |      32 |       0 |   0.0 |      12 |       0 |   0.0
        D:3 |     104 |      36 |  25.7 |      19 |       1 |   5.0
        D:4 |     181 |      16 |   8.1 |      10 |       2 |  16.7
        D:5 |      46 |       0 |   0.0 |       2 |       0 |   0.0
            +---------+---------+-------+---------+---------+-------
